 Dungeon Crawl Stone Soup version 0.29-a0-275-g389c0b56f3 (webtiles) character file.

Game seed: 12340718378197678974

28 davidthevgamer991 the Skirmisher (level 2, -2/24 HPs)
             Began as a Demonspawn Berserker on Mar 10, 2022.
             Was a Follower of Trog.
             Slain by a gnoll
             ... wielding a +0 flail
              (3 damage)
             ... on level 2 of the Dungeon.
             The game lasted 00:04:35 (566 turns).

davidthevgamer991 the Skirmisher (DsBe)              Turns: 566, Time: 00:04:36

Health: -2/24      AC:  2    Str: 17    XL:     2   Next: 96%
Magic:  2/2        EV: 12    Int: 14    God:    Trog [*.....]
Gold:   77         SH:  0    Dex: 12    Spells: 1/1 levels left

rFire   . . .      SeeInvis .   a - +0 hand axe
rCold   . . .      Faith    .   (no shield)
rNeg    . . .      Spirit   .   b - +0 animal skin
rPois   .          Reflect  .   (no helmet)
rElec   .          Harm     .   (no cloak)
rCorr   .          Rampage  .   (no gloves)
Will    .....                   (no boots)
Stlth   +.........              (no amulet)
HPRegen 0.08/turn               h - +6 ring of intelligence
MPRegen 0.08/turn               (no ring)

@: no status effects
A: demonic magic 1
a: Renounce Religion, Berserk


You were on level 2 of the Dungeon.
You worshipped Trog.
Trog was aware of your devotion.
You visited 1 branch of the dungeon, and saw 2 of its levels.

You collected 77 gold pieces.

Inventory:

Hand Weapons
 a - a +0 hand axe (weapon)
Armour
 b - a +0 animal skin (worn)
Jewellery
 h - a +6 ring of intelligence (left hand)
Scrolls
 e - a scroll of amnesia {unknown}
 f - a scroll of fear {unknown}
 g - a scroll of identify {unknown}


   Skills:
 + Level 3.3 Fighting
 + Level 3.2 Axes
 + Level 1.8 Armour
 + Level 2.1 Dodging


You had one spell level left.
You didn't know any spells.
Your spell library contained the following spells:

 Spells                   Type           Power      Damage    Failure   Level
 Sandblast                Erth           0%         2d4       28%         1
 Passwall                 Tmut/Erth      0%         N/A       41%         2
 Stone Arrow              Conj/Erth      0%         3d7       65%         3


Dungeon Overview and Level Annotations

Branches:
Dungeon (2/15)

Altars:


Innate Abilities, Weirdness & Mutations

Spells you cast may paralyse adjacent enemies.


Message History

The adder is severely wounded.
The adder barely misses you. The adder completely misses you.
You hit the adder.
You kill the adder!
Trog accepts your kill.
A ball python comes into view.
You see here a +0 dagger.
The ball python hisses angrily.
You barely miss the ball python. The ball python barely misses you. x2
You closely miss the ball python. The ball python barely misses you.
The ball python misses you. The ball python bites you.
The ball python grabs you. The ball python constricts you.
You closely miss the ball python. The ball python bites you.
The ball python constricts you.
You hit the ball python.
You kill the ball python!
Trog accepts your kill.
A gnoll comes into view. It is wielding a +0 spear.
The gnoll shouts!
The gnoll moves out of view.
A gnoll comes into view. It is wielding a +0 flail.
Found 22 stones.
A gnoll comes into view. It is wielding a +0 flail.
An adder comes into view.
The gnoll shouts!
The adder hisses angrily.
The gnoll hits you from afar with a +0 spear!
* * * LOW HITPOINT WARNING * * *
You feel clever.
h - a +6 ring of intelligence (left hand)
As you read the scroll labelled ZUSOETHR ESMU, it crumbles to dust.
You feel aware of your surroundings.
It was a scroll of magic mapping.
The gnoll completely misses you.
As you read the scroll labelled HEGHOP EMEDI, it crumbles to dust.
You feel strangely unstable.
It was a scroll of teleportation.
The gnoll barely misses you. The gnoll misses you.
The gnoll attacks as you move away! The gnoll hits you with a +0 flail.
* * * LOW HITPOINT WARNING * * *
As you read the scroll of teleportation, it crumbles to dust.
You feel strangely stable. The gnoll hits you with a +0 flail.
You die...

,,**,,,,,*#...#.# #........#####
,,**,,,,,*#,#.#.####.....###..,,,
****,,,,,*#.#)#†#........###,#***
* ******##.#..............#,**,,
* #....)##....###.#.#,**,* ******
#......#....# *.#.#,**,* ,,,,,*
#....#.###### *.#,#,,,,* ,,,,,*
#....#..# *.#,******
,,,,,****##.####@# *,*,*
,,,,,,,,,...* #g#######,*,*
,,,,,**,..##* #gS.....#,*,*
,,,,,**...*****##....(.#,*,*
,,*****##*,,,,,,.......#,*,* ,,*
*,,,,,.g..#...#,*,****** *,*
*,,,,.....#...#,*,,,,,,, *,*
*,,,...S...,..#,******** *,*
*,,......#.#*##,*


You could see 2 gnolls and an adder.

Vanquished Creatures
  An adder (D:2)
  An endoplasm (D:2)
  A giant cockroach (D:1)
  2 hobgoblins (D:2)
  2 jackals (D:1)
  3 quokkas
  A ball python (D:2)
  3 goblins
  A kobold (D:2)
  2 rats
17 creatures vanquished.

Notes
Turn   | Place    | Note
-------+----------+-------------------------------------------
     0 | D:1      | davidthevgamer991 the Demonspawn Berserker began the quest
                  | for the Orb.
     0 | D:1      | Reached XP level 1. HP: 18/18 MP: 1/1
   267 | D:1      | Gained mutation: Spells you cast may paralyse adjacent
                  | enemies. [demonic ancestry]
   267 | D:1      | Reached XP level 2. HP: 20/24 MP: 2/2
   275 | D:1      | Found a faded altar of an unknown god.
   565 | D:2      | HP: 1/24 [gnoll/+0 flail (2)]
   566 | D:2      | Slain by a gnoll

Illustrated notes

Levels and vault maps discovered:
D:1:      dpeg_arrival_central, layout_basic, shapermc_ecumenical_altar_venn,
          minmay_pentomino_w2
D:2:      layout_basic

Skill      XL: |  1  2 |
---------------+-------+-----
Axes           | 3 |  3.2
Dodging        | 2 |  2.1
Fighting       | |  3.3
Armour         | |  1.8

Action                   || total
-------------------------++-------
Melee: Hand axe          ||    57
  Use: Scroll            ||     3
Armor: Animal skin       ||     8
Dodge: Dodged            ||    45

Table legend: (Time is in decaauts)
 A = Elapsed time spent in this place.
 B = Non-inter-level travel time spent in this place.
 C = Inter-level travel time spent in this place.
 D = Time resting spent in this place.
 E = Time spent auto-exploring this place.
 F = Levels seen in this place.
 G = Mean time per level.
                   A        B        C        D        E       F      G
               +--------+--------+--------+--------+--------+-----+--------+
         Total |    573 |    573 |      0 |      0 |      0 |   2 |  286.5 |
       Dungeon |    573 |    573 |      0 |      0 |      0 |   2 |  286.5 |
               +--------+--------+--------+--------+--------+-----+--------+

Top non-repeatable levels by time:
     D:1: 414 daAuts
     D:2: 159 daAuts
